 Dungeon Crawl Stone Soup version 0.21.1-1-g345015f (webtiles) character file.

59 spiff the Skirmisher (level 4, -2/48 HPs)
             Began as an Ogre Skald on July 8, 2018.
             Succumbed to an orc wizard's poison
             ... on level 3 of the Dungeon.
             The game lasted 00:04:46 (2870 turns).

spiff the Skirmisher (Ogre Skald)                   Turns: 2870, Time: 00:04:46

Health: -2/48      AC:  3    Str: 16    XL:     4   Next: 3%
Magic:  3/8        EV: 10    Int: 14    God:
Gold:   89         SH:  0    Dex:  8    Spells: 3/9 levels left

rFire    . . .     SeeInvis .   i - +1 whip
rCold    . . .     Gourm    .   (no shield)
rNeg     . . .     Faith    .   b - +0 robe
rPois    .         Spirit   .   (helmet restricted)
rElec    .         Reflect  .   (no cloak)
rCorr    .         Harm     .   (gloves unavailable)
MR       .....                  (boots unavailable)
Stlth    +.........             (no amulet)
HPRegen  0.16/turn              (no ring)
MPRegen  0.11/turn              (no ring)

@: lethally poisoned (-2 -> -31)
A: large, unfitting armour, tough skin 1
a: no special abilities


You were on level 3 of the Dungeon.
You were hungry.

You visited 1 branch of the dungeon, and saw 3 of its levels.

You collected 89 gold pieces.

Inventory:

Hand Weapons
 a - a +0 mace
 i - a +1 whip (weapon)
Armour
 b - a +0 robe (worn)
Scrolls
 g - 3 scrolls of blinking
 m - 2 scrolls of remove curse
Potions
 e - a potion of mutation
 f - 2 potions of agility {unknown}
 k - a potion of brilliance {unknown}
 l - 2 potions of ambrosia
 p - a potion of berserk rage {unknown}
Books
 c - a book of Battle

   Spells                             Type                      Level
   a - Infusion                       Charms                       1
   b - Shroud of Golubria             Charms/Translocation         2
   c - Song of Slaying                Charms                       2
   d - Spectral Weapon                Hexes/Charms                 3
   e - Regeneration                   Charms/Necromancy            3
Comestibles
 d - a ration


   Skills:
 * Level 4.1 Fighting
 + Level 2.2 Maces & Flails
 - Level 2.1 Dodging
 + Level 3.0 Spellcasting
 + Level 3.1 Charms


You had 3 spell levels left.
You knew the following spells:

 Your Spells              Type           Power        Failure   Level  Hunger
a - Infusion              Chrm           ##..         6%          1    #......
b - Shroud of Golubria    Chrm/Tloc      #.........   17%         2    ##.....
c - Regeneration          Chrm/Necr      #.........   34%         3    ###....


Dungeon Overview and Level Annotations

Branches:
Dungeon (3/15)

Altars:


Innate Abilities, Weirdness & Mutations

You are too large for most types of armour.
You have tough skin. (AC +1)


Message History

You feel sick. The orc wizard barely misses you. The orc wizard misses you.
You hit the orc wizard.
The orc wizard is lightly wounded.
* * * LOW HITPOINT WARNING * * *
You feel sick. The orc wizard closely misses you.
You hit the orc wizard.
The orc wizard is heavily wounded.
* * * LOW HITPOINT WARNING * * *
You feel sick.
The orc wizard gestures at you while chanting.
The puff of frost hits you!
* * * LOW HITPOINT WARNING * * *
The orc wizard hits you but does no damage.
You are more poisoned.
You hit the orc wizard.
The orc wizard is severely wounded.
* * * LOW HITPOINT WARNING * * *
You feel sick.
The orc wizard drinks a potion.
The orc wizard is healed!
You barely miss the orc wizard.
You die...

### #.## ###..... #..
... ......... #.# #.#
#.##..... #.# #.#
#.#.....# #.# #.#
#...>....
#.####.####.#####...###
#..............###.##
######.#######.# #.#
#@# #.###.# #o# #.....#
#r# #..#### #.oK# ####
......# #.#......
#o###..# # #..# #...


You could see an orc wizard, an orc, a kobold and a rat.

Vanquished Creatures
  An adder (D:2)
  An adder zombie (D:2)
  A worm (D:2)
  A dart slug (D:1)
  4 orcs
  A ball python (D:2)
  5 bats (D:1)
  3 giant cockroaches (D:1)
  6 hobgoblins (D:1)
  3 kobolds (D:1)
  A quokka (D:2)
  A frilled lizard (D:1)
  4 goblins (D:1)
  A leopard gecko zombie (D:2)
  3 rats (D:1)
36 creatures vanquished.

Notes
Turn   | Place    | Note
-------+----------+-------------------------------------------
     0 | D:1      | spiff the Ogre Skald began the quest for the Orb.
     0 | D:1      | Reached XP level 1. HP: 22/22 MP: 3/3
   186 | D:1      | Reached skill level 3 in Fighting
   273 | D:1      | Reached XP level 2. HP: 18/31 MP: 5/5
   940 | D:1      | Reached XP level 3. HP: 37/37 MP: 7/7
  1131 | D:1      | Learned a level 2 spell: Shroud of Golubria
  1135 | D:1      | Learned a level 3 spell: Regeneration
  2577 | D:2      | Reached skill level 4 in Fighting
  2843 | D:3      | Reached XP level 4. HP: 48/48 MP: 4/8
  2868 | D:3      | HP: 2/48 [orc wizard/puff of frost (1)]
  2870 | D:3      | Succumbed to an orc wizard's poison

Skill      XL: |  1  2  3 |
---------------+----------+-----
Fighting       | 3 4 |  4.1
Maces & Flails | 2 |  2.2
Charms         | 3 |  3.1
Spellcasting   | 3 |  3.0
Dodging        | |  2.1

Action                   |  1- 3 |  4- 6 || total
-------------------------+-------+-------++-------
Melee: Mace              |    77 |       ||    77
       Whip              |    72 |    17 ||    89
 Cast: Infusion          |     2 |       ||     2
       Shroud of Golubri |     5 |     1 ||     6
       Regeneration      |       |     1 ||     1
  Use: Scroll            |     7 |       ||     7
  Eat: Chunk             |     2 |     1 ||     3
       Ration            |     1 |       ||     1
Armor: Robe              |    18 |     1 ||    19
Dodge: Dodged            |    73 |     6 ||    79
